| TOP OF THE 1ST |
|
Salt Lake Bees batting - Pitching for Charlotte Knights : LHP Carlos Toledo
|
|
Pitching: LHP Carlos Toledo
|
|
|
Batting: LHB Justin Alexander
|
0-0: Ball 1-0: Called Strike 1-1: Ball 2-1: Bunt for hit to 23 - play at first, batter OUT! 3-4
|
|
Batting: LHB Jonathon Walton
|
0-0: Ball 1-0: Ball 2-0: Swinging Strike 2-1: Ball 3-1: Foul Ball, location: 2F 3-2: Foul Ball, location: 2F 3-2: Foul Ball, location: 2F 3-2: Foul Ball, location: 2F 3-2: Ground out 5-3 (Groundball, 6, EV 107.5 MPH)
|
|
Batting: RHB Ryan Munro
|
0-0: Ball 1-0: Foul Ball, location: 2F 1-1: Swinging Strike 1-2: Ball 2-2: Foul Ball, location: 2F 2-2: Ball 3-2: Foul Ball, location: 2F 3-2: Ground out U3 (Groundball, 34, EV 81.2 MPH)
|
| Top of the 1st over - 0 runs, 0 hits, 0 errors, 0 left on base; Salt Lake 0 - Charlotte 0 |
| BOTTOM OF THE 1ST |
|
Charlotte Knights batting - Pitching for Salt Lake Bees : RHP Luis Cabrera
|
|
Pitching: RHP Luis Cabrera
|
|
|
Batting: LHB John Thurman
|
0-0: Foul Ball, location: 2F 0-1: Ground out 4-3 (Groundball, 4, EV 108.8 MPH)
|
|
Batting: LHB Carlos Ramirez
|
0-0: Ball 1-0: Ball 2-0: Ball 3-0: Called Strike 3-1: Called Strike 3-2: Foul Ball, location: 2F 3-2: Foul Ball, location: 2F 3-2: Base on Balls
|
|
Batting: LHB Ricardo Pagan
|
0-0: Called Strike 0-1: Fielders Choice at 2nd, 6-4 (Groundball, 6M, EV 83.8 MPH)
|
|
Batting: RHB Ron Johansen
|
0-0: Ball 1-0: Ball 2-0: Ball 3-0: Called Strike 3-1: Base on Balls Ricardo Pagan to second
|
|
Batting: SHB Matt Childers
|
0-0: Ball 1-0: Ball 2-0: Ball 3-0: Base on Balls Ricardo Pagan to third Ron Johansen to second
|
|
Batting: RHB Vic Lucatero
|
0-0: Ball 1-0: Called Strike 1-1: Ball 2-1: Fly out, F9 (Flyball, 89M, EV 91.9 MPH)
|
| Bottom of the 1st over - 0 runs, 0 hits, 0 errors, 3 left on base; Salt Lake 0 - Charlotte 0 |
| TOP OF THE 2ND |
|
Salt Lake Bees batting - Pitching for Charlotte Knights : LHP Carlos Toledo
|
|
Batting: RHB Melvin Gomez
|
0-0: Ball 1-0: Called Strike 1-1: Ground out 6-3 (Groundball, P, EV 85.6 MPH)
|
|
Batting: RHB Brandon Davis
|
0-0: Ball 1-0: Ball 2-0: Called Strike 2-1: Foul Ball, location: 2F 2-2: Ground out 5-3 (Groundball, 56, EV 86.2 MPH)
|
|
Batting: RHB Josh Faulconer
|
0-0: Ball 1-0: Called Strike 1-1: Ground out 5-3 (Groundball, 5, EV 103.1 MPH)
|
| Top of the 2nd over - 0 runs, 0 hits, 0 errors, 0 left on base; Salt Lake 0 - Charlotte 0 |
| BOTTOM OF THE 2ND |
|
Charlotte Knights batting - Pitching for Salt Lake Bees : RHP Luis Cabrera
|
|
Batting: LHB Adam Tarbutton
|
0-0: Ball 1-0: Called Strike 1-1: Foul Ball, location: 2F 1-2: Foul Ball, location: 2F 1-2: Strikes out looking
|
|
Batting: RHB Kikuo Sato
|
0-0: Ball 1-0: Called Strike 1-1: Ball 2-1: Foul Ball, location: 2F 2-2: Foul Ball, location: 2F 2-2: Foul Ball, location: 2F 2-2: Strikes out swinging
|
|
Batting: RHB Steve Waltenbery
|
0-0: Called Strike 0-1: Foul Ball, location: 2F 0-2: Strikes out swinging
|
| Bottom of the 2nd over - 0 runs, 0 hits, 0 errors, 0 left on base; Salt Lake 0 - Charlotte 0 |
| TOP OF THE 3RD |
|
Salt Lake Bees batting - Pitching for Charlotte Knights : LHP Carlos Toledo
|
|
Batting: SHB Butch Brown
|
0-0: Reached on error, E3 (Groundball, 3, EV 91.9 MPH)
|
|
Batting: RHB Kian-tat Chen
|
0-0: Called Strike 0-1: Called Strike 0-2: Ball 1-2: Ball 2-2: Strikes out looking
|
|
Batting: LHB Larry Prey
|
0-0: Foul Ball, location: 2F 0-1: Ball 1-1: Foul Ball, location: 2F 1-2: Foul Ball, location: 2F 1-2: Ball 2-2: Ball 3-2: Ground out 5-3 (Groundball, 56, EV 108.1 MPH) Butch Brown to second
|
|
Batting: LHB Justin Alexander
|
0-0: Ball 1-0: Ball 2-0: Called Strike 2-1: Ball 3-1: Base on Balls
|
|
Batting: LHB Jonathon Walton
|
0-0: Foul Ball, location: 2F 0-1: Ball 1-1: Ground out 1-3 (Groundball, 34S, EV 71.9 MPH)
|
| Top of the 3rd over - 0 runs, 0 hits, 1 error, 2 left on base; Salt Lake 0 - Charlotte 0 |
| BOTTOM OF THE 3RD |
|
Charlotte Knights batting - Pitching for Salt Lake Bees : RHP Luis Cabrera
|
|
Batting: LHB John Thurman
|
0-0: Ball 1-0: Foul Ball, location: 2F 1-1: Ball 2-1: Ball 3-1: Base on Balls
|
|
Batting: LHB Carlos Ramirez
|
0-0: Foul Ball, location: 2F 0-1: Ball John Thurman steals 2nd base 1-1: Called Strike 1-2: Ball 2-2: Strikes out swinging
|
|
Batting: LHB Ricardo Pagan
|
0-0: Ball 1-0: Foul Ball, location: 2F 1-1: Ball 2-1: 2-RUN HOME RUN (Flyball, 89XD, EV 98.8 MPH), Distance : 392 ft
|
|
Batting: RHB Ron Johansen
|
0-0: Foul Ball, location: 2F 0-1: Ball 1-1: Swinging Strike 1-2: Ball 2-2: Ground out 4-3 (Groundball, 4, EV 91.2 MPH)
|
|
Batting: SHB Matt Childers
|
0-0: Swinging Strike 0-1: Ball 1-1: Foul Ball, location: 2F 1-2: Strikes out swinging
|
| Bottom of the 3rd over - 2 runs, 1 hit, 0 errors, 0 left on base; Salt Lake 0 - Charlotte 2 |
| TOP OF THE 4TH |
|
Salt Lake Bees batting - Pitching for Charlotte Knights : LHP Carlos Toledo
|
|
Batting: RHB Ryan Munro
|
0-0: Called Strike 0-1: Ball 1-1: Foul Ball, location: 2F 1-2: Ball 2-2: Fly out, F7 (Line Drive, 7, EV 102.5 MPH)
|
|
Batting: RHB Melvin Gomez
|
0-0: Fly out, F9 (Flyball, 89S, EV 97.5 MPH)
|
|
Batting: RHB Brandon Davis
|
0-0: Ball 1-0: Ball 2-0: Ball 3-0: Base on Balls
|
|
Batting: RHB Josh Faulconer
|
0-0: Ground out 1-3 (Groundball, 13S, EV 73.1 MPH)
|
| Top of the 4th over - 0 runs, 0 hits, 0 errors, 1 left on base; Salt Lake 0 - Charlotte 2 |
| BOTTOM OF THE 4TH |
|
Charlotte Knights batting - Pitching for Salt Lake Bees : RHP Luis Cabrera
|
|
Batting: RHB Vic Lucatero
|
0-0: Ball 1-0: Called Strike 1-1: Called Strike 1-2: Strikes out swinging
|
|
Batting: LHB Adam Tarbutton
|
0-0: Called Strike 0-1: Foul Ball, location: 2F 0-2: SINGLE (Groundball, 25, EV 77.5 MPH) (infield hit)
|
|
Batting: RHB Kikuo Sato
|
0-0: Called Strike Adam Tarbutton steals 2nd base 0-1: Fly out, F9 (Flyball, 9D, EV 70.6 MPH) Runner from 2nd tags up, SAFE at 3rd, no throw by RF
|
|
Batting: RHB Steve Waltenbery
|
0-0: Called Strike 0-1: Ball 1-1: Foul Ball, location: 2F 1-2: Ball 2-2: Strikes out looking
|
| Bottom of the 4th over - 0 runs, 1 hit, 0 errors, 1 left on base; Salt Lake 0 - Charlotte 2 |
| TOP OF THE 5TH |
|
Salt Lake Bees batting - Pitching for Charlotte Knights : LHP Carlos Toledo
|
|
Batting: SHB Butch Brown
|
0-0: Ball 1-0: Ball 2-0: Called Strike 2-1: Ball 3-1: Foul Ball, location: 2F 3-2: Base on Balls
|
|
Batting: RHB Kian-tat Chen
|
0-0: Ball 1-0: Ball 2-0: Ball 3-0: Called Strike 3-1: Foul Ball, location: 2F 3-2: SINGLE (Flyball, 78S, EV 91.2 MPH) Butch Brown to second Butch Brown to third
|
|
Batting: LHB Larry Prey
|
0-0: Swinging Strike 0-1: Foul Ball, location: 2F 0-2: Foul Ball, location: 2F 0-2: Foul Ball, location: 2F 0-2: Ball 1-2: Fly out, F8 (Flyball, 8RS, EV 70.6 MPH) Runner from 3rd tags up, OUT at HOME! 8-2 Kian-tat Chen to second
|
|
Batting: LHB Justin Alexander
|
0-0: Ball 1-0: SINGLE (Line Drive, 8LS, EV 113.1 MPH) Kian-tat Chen to third
|
|
Batting: LHB Jonathon Walton
|
0-0: Ball 1-0: Ball 2-0: Ball 3-0: Base on Balls Justin Alexander to second
|
|
Batting: RHB Ryan Munro
|
0-0: Called Strike 0-1: Ground out 4-3 (Groundball, 4, EV 85.6 MPH)
|
| Top of the 5th over - 0 runs, 2 hits, 0 errors, 3 left on base; Salt Lake 0 - Charlotte 2 |
| BOTTOM OF THE 5TH |
|
Charlotte Knights batting - Pitching for Salt Lake Bees : RHP Luis Cabrera
|
|
Batting: LHB John Thurman
|
0-0: Called Strike 0-1: Swinging Strike 0-2: Ball 1-2: Ball 2-2: Ball 3-2: Base on Balls
|
|
Batting: LHB Carlos Ramirez
|
0-0: Ball John Thurman steals 2nd base 1-0: Swinging Strike 1-1: SINGLE (Groundball, 6MD, EV 99.4 MPH) John Thurman to third
|
|
Batting: LHB Ricardo Pagan
|
0-0: Ball 1-0: Grounds into double play, 6-4-3 (Groundball, 6M, EV 84.4 MPH) John Thurman scores
|
|
Batting: RHB Ron Johansen
|
0-0: Foul Ball, location: 2F 0-1: Fly out, F9 (Flyball, 9S, EV 85.6 MPH)
|
| Bottom of the 5th over - 1 run, 1 hit, 0 errors, 0 left on base; Salt Lake 0 - Charlotte 3 |
| TOP OF THE 6TH |
|
Salt Lake Bees batting - Pitching for Charlotte Knights : LHP Carlos Toledo
|
|
Batting: RHB Melvin Gomez
|
0-0: Swinging Strike 0-1: Ball 1-1: Ball 2-1: Ball 3-1: Base on Balls
|
|
Batting: RHB Brandon Davis
|
0-0: Ball 1-0: Ball 2-0: Foul Ball, location: 2F 2-1: Fly out, F8 (Flyball, 89M, EV 92.5 MPH)
|
|
Pitching: RHP Roberto Preciado
|
|
|
Batting: RHB Josh Faulconer
|
0-0: Called Strike 0-1: Foul Ball, location: 2F 0-2: Strikes out looking
|
|
Batting: SHB Butch Brown
|
0-0: Ball 1-0: Ball 2-0: Called Strike 2-1: Swinging Strike 2-2: Foul Ball, location: 2F 2-2: Foul Ball, location: 2F 2-2: DOUBLE (Flyball, 8LXD, EV 92.5 MPH) Melvin Gomez to third Runner from 3rd tries for Home, SAFE, throw by CF to trailing runner, OUT at third! 8-3-5
|
| Top of the 6th over - 1 run, 1 hit, 0 errors, 0 left on base; Salt Lake 1 - Charlotte 3 |
| BOTTOM OF THE 6TH |
|
Charlotte Knights batting - Pitching for Salt Lake Bees : RHP Luis Cabrera
|
|
Batting: SHB Matt Childers
|
0-0: SINGLE (Line Drive, 6MD, EV 95.6 MPH)
|
|
Batting: RHB Vic Lucatero
|
0-0: Ball 1-0: Ball 2-0: Ball 3-0: Base on Balls Matt Childers to second
|
|
Batting: LHB Adam Tarbutton
|
0-0: Swinging Strike 0-1: Ball 1-1: Ball 2-1: Called Strike 2-2: Strikes out swinging
|
|
Pitching: RHP Jake Bruen
|
|
|
Batting: RHB Kikuo Sato
|
0-0: Ball 1-0: Ball 2-0: Foul Ball, location: 2F 2-1: Called Strike 2-2: SINGLE (Groundball, 56, EV 100.6 MPH) (infield hit) Matt Childers to third Vic Lucatero to second
|
|
Batting: RHB Steve Waltenbery
|
0-0: Foul Ball, location: 2F 0-1: Ball 1-1: Ball 2-1: Ball 3-1: Base on Balls Matt Childers scores Vic Lucatero to third Kikuo Sato to second
|
|
Batting: LHB John Thurman
|
0-0: SINGLE (Groundball, 34, EV 111.2 MPH) Vic Lucatero scores Kikuo Sato to third Steve Waltenbery to second Runner from 3rd tries for Home, SAFE, throw by RF to home
|
|
Batting: LHB Carlos Ramirez
|
0-0: Foul Ball, location: 2F 0-1: Called Strike 0-2: Ball 1-2: Ball 2-2: Foul Ball, location: 2F 2-2: Ball 3-2: Foul Ball, location: 2F 3-2: Foul Ball, location: 2F 3-2: DOUBLE (Groundball, 3L, EV 101.9 MPH) Steve Waltenbery scores John Thurman to third Runner from 3rd tries for Home, SAFE, throw by RF to trailing runner, SAFE at third!
|
|
Batting: LHB Ricardo Pagan
|
0-0: Ball 1-0: Ball 2-0: Ball 3-0: Base on Balls
|
|
Batting: RHB Ron Johansen
|
0-0: Ball Ricardo Pagan steals 2nd base 1-0: Ball 2-0: Called Strike 2-1: Ground out 4-3 (Groundball, 4, EV 80.6 MPH) Carlos Ramirez scores Ricardo Pagan to third
|
|
Pitching: RHP George Rosario
|
|
|
Batting: SHB Matt Childers
|
0-0: Ball 1-0: Ball 2-0: Swinging Strike 2-1: Ball 3-1: Called Strike 3-2: SINGLE (Line Drive, 89S, EV 104.4 MPH) Ricardo Pagan scores
|
|
Batting: RHB Vic Lucatero
|
0-0: Ball 1-0: Foul Ball, location: 2F 1-1: Foul Ball, location: 2F 1-2: Ball 2-2: Ball 3-2: SINGLE (Groundball, 4MD, EV 94.4 MPH) Matt Childers to second Matt Childers to third
|
|
Batting: LHB Adam Tarbutton
|
0-0: Ground out 5-3 (Groundball, 56S, EV 90.6 MPH)
|
| Bottom of the 6th over - 7 runs, 6 hits, 0 errors, 2 left on base; Salt Lake 1 - Charlotte 10 |
| TOP OF THE 7TH |
|
Salt Lake Bees batting - Pitching for Charlotte Knights : RHP Roberto Preciado
|
|
Batting: RHB Kian-tat Chen
|
0-0: Ball 1-0: Foul Ball, location: 2F 1-1: Ball 2-1: Called Strike 2-2: Ground out 5-3 (Groundball, 56S, EV 69.4 MPH)
|
|
Batting: LHB Larry Prey
|
0-0: Ball 1-0: Ball 2-0: Ball 3-0: Called Strike 3-1: Called Strike 3-2: Base on Balls
|
|
Batting: LHB Justin Alexander
|
0-0: Called Strike 0-1: Ball 1-1: Reached on error, E4 (Groundball, 4, EV 82.5 MPH) Larry Prey to second
|
|
Batting: LHB Jonathon Walton
|
0-0: Ball Wild Pitch! Larry Prey to third Justin Alexander to second 1-0: SINGLE (Line Drive, 9LS, EV 98.8 MPH) Larry Prey scores Justin Alexander to third Runner from 3rd tries for Home, SAFE, throw by RF to home
|
|
Batting: RHB Ryan Munro
|
0-0: SINGLE (Line Drive, 3D, EV 100.6 MPH) Jonathon Walton to second Jonathon Walton to third
|
|
Batting: RHB Melvin Gomez
|
0-0: Foul Ball, location: 2F 0-1: Ball 1-1: SINGLE (Groundball, 56S, EV 70.0 MPH) (infield hit) Jonathon Walton scores Ryan Munro to second
|
|
Pitching: RHP Brett Kitchen
|
|
|
Batting: RHB Brandon Davis
|
0-0: Called Strike 0-1: Ball 1-1: Swinging Strike 1-2: Strikes out looking
|
|
Batting: RHB Josh Faulconer
|
0-0: Ball 1-0: Swinging Strike 1-1: Ball 2-1: Swinging Strike 2-2: Foul Ball, location: 2F 2-2: Ball 3-2: Base on Balls Ryan Munro to third Melvin Gomez to second
|
|
Batting: SHB Butch Brown
|
0-0: Ball 1-0: Ball 2-0: Foul Ball, location: 2F 2-1: SINGLE (Groundball, 4M, EV 103.8 MPH) Ryan Munro scores Melvin Gomez to third Josh Faulconer to second Runner from 3rd tries for Home, SAFE, throw by CF to home
|
|
Batting: RHB Kian-tat Chen
|
0-0: Ball 1-0: Fly out, F3 (Popup, 3SF, EV 71.2 MPH)
|
| Top of the 7th over - 5 runs, 4 hits, 1 error, 2 left on base; Salt Lake 6 - Charlotte 10 |
| BOTTOM OF THE 7TH |
|
Charlotte Knights batting - Pitching for Salt Lake Bees : RHP George Rosario
|
|
Batting: RHB Kikuo Sato
|
0-0: Ball 1-0: Called Strike 1-1: SINGLE (Line Drive, 89S, EV 95.0 MPH)
|
|
Batting: RHB Steve Waltenbery
|
0-0: Sac Bunt to 15S - play at first, batter OUT! 1-3 Kikuo Sato to second
|
|
Batting: LHB John Thurman
|
0-0: Ball 1-0: Swinging Strike 1-1: Called Strike 1-2: Strikes out looking
|
|
Batting: LHB Carlos Ramirez
|
0-0: Swinging Strike 0-1: Ball 1-1: Ball 2-1: Foul Ball, location: 2F 2-2: Strikes out swinging
|
| Bottom of the 7th over - 0 runs, 1 hit, 0 errors, 1 left on base; Salt Lake 6 - Charlotte 10 |
| TOP OF THE 8TH |
|
Salt Lake Bees batting - Pitching for Charlotte Knights : RHP Brett Kitchen
|
|
Now at 1B: Ron Johansen
|
|
|
Now at 2B: Fletcher Easter
|
|
|
Batting: LHB Larry Prey
|
0-0: Ball 1-0: Foul Ball, location: 2F 1-1: Swinging Strike 1-2: Ball 2-2: Ball 3-2: Strikes out swinging
|
|
Batting: LHB Justin Alexander
|
0-0: Called Strike 0-1: Ball 1-1: Hit by Pitch
|
|
Batting: LHB Jonathon Walton
|
0-0: Swinging Strike 0-1: Swinging Strike 0-2: Fielders Choice at 2nd, 4-6 (Groundball, 34, EV 90.0 MPH)
|
|
Batting: RHB Ryan Munro
|
0-0: Called Strike 0-1: Ground out 4-3 (Groundball, 34S, EV 87.5 MPH)
|
| Top of the 8th over - 0 runs, 0 hits, 0 errors, 1 left on base; Salt Lake 6 - Charlotte 10 |
| BOTTOM OF THE 8TH |
|
Charlotte Knights batting - Pitching for Salt Lake Bees : RHP George Rosario
|
|
Batting: LHB Ricardo Pagan
|
0-0: Called Strike 0-1: Ball 1-1: Foul Ball, location: 2F 1-2: Strikes out swinging
|
|
Batting: RHB Ron Johansen
|
0-0: Called Strike 0-1: Ball 1-1: Swinging Strike 1-2: Foul Ball, location: 2F 1-2: Ball 2-2: Strikes out swinging
|
|
Batting: SHB Matt Childers
|
0-0: SINGLE (Groundball, 4D, EV 105.0 MPH)
|
|
Batting: RHB Vic Lucatero
|
0-0: Called Strike 0-1: Ball 1-1: Foul Ball, location: 2F 1-2: Ball 2-2: Strikes out swinging
|
| Bottom of the 8th over - 0 runs, 1 hit, 0 errors, 1 left on base; Salt Lake 6 - Charlotte 10 |
| TOP OF THE 9TH |
|
Salt Lake Bees batting - Pitching for Charlotte Knights : RHP Brett Kitchen
|
|
Pitching: RHP Freddy Barahona
|
|
|
Batting: RHB Melvin Gomez
|
0-0: Ball 1-0: Swinging Strike 1-1: Ball 2-1: Ball 3-1: Foul Ball, location: 2F 3-2: Foul Ball, location: 2F 3-2: Foul Ball, location: 2F 3-2: Foul Ball, location: 2F 3-2: Base on Balls
|
|
Batting: RHB Brandon Davis
|
|
|
Pinch Hitting: LHB Brett Bugge
|
0-0: Ball 1-0: Ball 2-0: Ball 3-0: SINGLE (Line Drive, 9S, EV 101.9 MPH) Melvin Gomez to second
|
|
Pitching: LHP Steven Wolf
|
|
|
Batting: RHB Josh Faulconer
|
0-0: Called Strike 0-1: Hit by Pitch Melvin Gomez to third Brett Bugge to second
|
|
Batting: SHB Butch Brown
|
0-0: Called Strike 0-1: SINGLE (Line Drive, 8RS, EV 103.8 MPH) Melvin Gomez scores Brett Bugge to third Josh Faulconer to second
|
|
Batting: RHB Kian-tat Chen
|
0-0: Ball 1-0: SINGLE (Groundball, 56D, EV 108.8 MPH) Brett Bugge scores Josh Faulconer to third Butch Brown to second
|
|
Pinch Hitting: LHB James McCauley
|
0-0: Called Strike 0-1: Grounds into fielders choice 1-2 (Groundball, 13S, EV 69.4 MPH) Butch Brown to third Kian-tat Chen to second
|
|
Batting: LHB Justin Alexander
|
0-0: Swinging Strike 0-1: Fielders Choice at 2nd, 6-4 (Groundball, 6, EV 88.8 MPH) Butch Brown scores Kian-tat Chen to third
|
|
Batting: LHB Jonathon Walton
|
0-0: Ball 1-0: Foul Ball, location: 2F 1-1: Ball 2-1: SINGLE (Groundball, 3D, EV 95.0 MPH) Kian-tat Chen scores Justin Alexander to second Runner from 2nd tries for 3rd, SAFE, throw by RF made to third
|
|
Batting: RHB Ryan Munro
|
0-0: Called Strike 0-1: Foul Ball, location: 2F 0-2: Ball 1-2: Ground out 5-3 (Groundball, 15, EV 83.8 MPH)
|
| Top of the 9th over - 4 runs, 4 hits, 0 errors, 2 left on base; Salt Lake 10 - Charlotte 10 |
| BOTTOM OF THE 9TH |
|
Charlotte Knights batting - Pitching for Salt Lake Bees : RHP George Rosario
|
|
Pitching: RHP Kody Mason
|
|
|
Now at SS: Brett Bugge
|
|
|
Now in CF: James McCauley
|
|
|
Batting: LHB Adam Tarbutton
|
0-0: Called Strike 0-1: Foul Ball, location: 2F 0-2: Strikes out looking
|
|
Pinch Hitting: LHB Jason Bell
|
0-0: Fly out, F7 (Flyball, 7LMF, EV 83.8 MPH)
|
|
Pinch Hitting: LHB Joe Kirkland
|
0-0: Ball 1-0: Swinging Strike 1-1: Called Strike 1-2: Foul Ball, location: 2F 1-2: Fly out, F8 (Flyball, 8LM, EV 90.6 MPH)
|
| Bottom of the 9th over - 0 runs, 0 hits, 0 errors, 0 left on base; Salt Lake 10 - Charlotte 10 |
| TOP OF THE 10TH |
|
Salt Lake Bees batting - Pitching for Charlotte Knights : LHP Steven Wolf
|
|
Pitching: RHP Dave McGee
|
|
|
Now at SS: Micah Brown
|
|
|
Now in CF: John Thurman
|
|
|
Now in RF: Joe Kirkland
|
|
|
Batting: RHB Melvin Gomez
|
0-0: Called Strike 0-1: SINGLE (Groundball, 6S, EV 73.1 MPH) (infield hit)
|
|
Batting: LHB Brett Bugge
|
0-0: Ball 1-0: Ball Melvin Gomez steals 2nd base 2-0: Intentional Walk
|
|
Batting: RHB Josh Faulconer
|
0-0: Bunted foul 0-1: Sac Bunt to 23 - play at first, batter OUT! 3-4 Melvin Gomez to third Brett Bugge to second
|
|
Batting: SHB Butch Brown
|
0-0: Called Strike 0-1: Called Strike 0-2: Ball 1-2: Foul Ball, location: 2F 1-2: Ball 2-2: Foul Ball, location: 2F 2-2: Foul Ball, location: 2F 2-2: DOUBLE (Groundball, 3L, EV 102.5 MPH) Melvin Gomez scores Brett Bugge scores
|
|
Batting: RHB Kian-tat Chen
|
0-0: Fly out, F9 (Flyball, 9D, EV 102.5 MPH) Runner from 2nd tags up, SAFE at 3rd, no throw by RF
|
|
Batting: LHB James McCauley
|
0-0: Ball 1-0: Ball 2-0: Ball 3-0: Base on Balls
|
|
Batting: LHB Justin Alexander
|
0-0: Ball 1-0: Called Strike James McCauley is caught stealing 2nd base 2-6
|
| Top of the 10th over - 2 runs, 2 hits, 0 errors, 1 left on base; Salt Lake 12 - Charlotte 10 |
| BOTTOM OF THE 10TH |
|
Charlotte Knights batting - Pitching for Salt Lake Bees : RHP Kody Mason
|
|
Batting: LHB John Thurman
|
0-0: Fly out, F8 (Flyball, 8LXD, EV 100.0 MPH)
|
|
Batting: RHB Fletcher Easter
|
0-0: Called Strike 0-1: Foul Ball, location: 2F 0-2: Ball 1-2: Ground out 6-3 (Groundball, P, EV 83.1 MPH)
|
|
Pitching: RHP Danny Nava
|
|
|
Batting: LHB Ricardo Pagan
|
0-0: Ball 1-0: TRIPLE (Flyball, 89XD, EV 105.0 MPH)
|
|
Batting: RHB Ron Johansen
|
0-0: Ball 1-0: Ball 2-0: Called Strike 2-1: SINGLE (Groundball, 6MD, EV 96.2 MPH) Ricardo Pagan scores
|
|
Batting: SHB Matt Childers
|
0-0: Foul Ball, location: 2F 0-1: Reached on error, E4 (Groundball, 4M, EV 111.9 MPH) Ron Johansen to second
|
|
Batting: RHB Vic Lucatero
|
0-0: Called Strike 0-1: Foul Ball, location: 2F 0-2: Foul Ball, location: 2F 0-2: Foul Ball, location: 2F 0-2: Foul Ball, location: 2F 0-2: Foul Ball, location: 2F 0-2: Ball 1-2: Strikes out swinging
|
| Bottom of the 10th over - 1 run, 2 hits, 1 error, 2 left on base; Salt Lake 12 - Charlotte 11 |
|